 Dungeon Sprint DCSS version 0.31-a0-66-ge618eeaa78 (webtiles) character file.

Game seed: 6140906692738917535

1523 sircluck the Grappler (level 8, -6/132 HPs)
             Began as a Troll Berserker on May 22, 2023.
             Was the Champion of Trog.
             Mangled by a tyrant leech (27 damage)
             ... in the Dungeon (Sprint VII: "The Pits").
             The game lasted 00:01:48 (551 turns).

sircluck the Grappler (Troll Berserker)              Turns: 551, Time: 00:01:49

Health: -6/132     AC:  4    Str: 28    XL:     8   Next: 54%
Magic:  7/7        EV: 12    Int:  3    God:    Trog [******]
Gold:   0          SH:  0    Dex:  9    Spells: 7/7 levels left

rFire   . .          .
                       - Unarmed
rCold   . . .        (no shield)
rNeg    . . .        a - +0 animal skin
rPois   .            (helmet restricted)
rElec   .            (no cloak)
rCorr   .            (gloves unavailable)
SInv    .            (boots unavailable)
Will    .....        (no amulet) Stlth
                     (no ring)
HPRegen 1.22/turn    (no ring)
MPRegen 0.10/turn

%: no teleportation
@: berserking, very quick
A: large, unfitting armour, claws 3, regeneration 1, shaggy fur 1, tough skin 1
a: Renounce Religion, Berserk, Trog's Hand, Brothers in Arms


You were in the Dungeon.
You worshipped Trog.
Trog was exalted by your worship.
You visited 1 branch

Inventory:

Missiles
 i - 15 stones (quivered)
Armour
 a - a +0 animal skin (worn)
Scrolls
 g - a scroll of blinking
 j - a scroll of butterflies
Potions
 b - 6 potions of curing
 c - 6 potions of heal wounds
 d - a potion of haste
 e - 4 potions of magic
 f - 3 potions of berserk rage
 h - 2 potions of invisibility


   Skills:
 + Level 8.1 Fighting
 + Level 9.9 Dodging
 + Level 0.7 Stealth
 + Level 12.9 Unarmed Combat


You had 7 spell levels left.
You didn't know any spells.
Your spell library was empty.

Dungeon Overview and Level Annotations

Branches:
Dungeon (1/1)

Altars:
Ashenzari
Cheibriados
Dithmenos
Elyvilon
Fedhas
Gozag
Hepliaklqana
Kikubaaqudgha
Makhleb
Nemelex Xobeh
Okawaru
Qazlal
Ru
Sif Muna
Trog
Uskayaw
Vehumet
Wu Jian
Xom
Yredelemnul
Zin
The Shining One
Jiyva
Lugonu


Innate Abilities, Weirdness & Mutations

You are too large for most types of armour.
You have claws for hands.
Your natural rate of healing is unusually fast.
You are covered in fur. (AC +1)
You have tough skin. (AC +1)


Message History

You barely miss the yak.
The yak is heavily wounded.
The yak closely misses you. x2
You mangle the yak!!
You kill the yak!
Trog accepts your kill.
Your Unarmed Combat skill increases to level 12!
The yak gores you!
* * * LOW HITPOINT WARNING * * *
You see here a yak corpse.
You mangle the yak!!
The yak is severely wounded.
The yak closely misses you.
You barely miss the yak.
The yak is severely wounded.
The yak gores you.
* * * LOW HITPOINT WARNING * * *
You mangle the yak!!
You kill the yak!
Trog accepts your kill.
Your Fighting skill increases to level 8!
Unknown command.
You mangle the yak!!
The yak is severely wounded.
The yak misses you.
You scratch the yak.
The yak is severely wounded.
You mangle the yak!!
You kill the yak!
Trog accepts your kill.
A red film seems to cover your vision as you go berserk!
You feel yourself moving faster!
You feel mighty! The tyrant leech bites you!
* * * LOW HITPOINT WARNING * * *
The tyrant leech draws strength from your injuries!
You mangle the tyrant leech!!
The tyrant leech is moderately wounded.
You barely miss the tyrant leech.
The tyrant leech is moderately wounded.
The tyrant leech bites you!!
You die...

#.#))#####†#####÷#####''###
#.#))#..)..##.......##''###
#†#))#.....##.......##.....
#)#[[###'####.......##....#
#)##'#.†...##...<...##...##
#.#........##.......##..##
#.#........##.......##..#
#'###########.......##..#
#.......#.@###########.)+
#.......#w## #..#
#...#...#.# #..#
#..###..#)# #..##
#...#...#.'....+ #...##
#.......#†#..Y.# #....#
#.......).#.YY.# #.....
########### #### ######


You could see a tyrant leech.

Vanquished Creatures
  A spriggan (D)
  4 yaks (D)
  A redback (D)
  A floating eye (D)
  An orc warrior (D)
  A black bear (D)
  A phantom (D)
  A bullfrog (D)
  A necrophage (D)
  An orc priest (D)
  A hound (D)
  Jessica (D)
  An iguana (D)
  A hell rat (D)
  Terence (D)
  A river rat (D)
  An ufetubus (D)
  2 orcs (D)
  A bat zombie (D)
  An endoplasm (D)
  A giant cockroach (D)
  A goblin (D)
  A ball python (D)
  A kobold (D)
  A quokka skeleton (D)
  A rat (D)
30 creatures vanquished.

Notes
Turn   | Place    | Note
-------+----------+-------------------------------------------
     0 | D        | sircluck the Troll Berserker began the quest for the Orb.
     0 | D        | Reached XP level 1. HP: 22/22 MP: 0/0
    11 | D        | Noticed a bullfrog
    11 | D        | Noticed a hell rat
    30 | D        | Killed a bullfrog
    31 | D        | Reached skill level 5 in Unarmed Combat
    31 | D        | Reached XP level 2. HP: 28/32 MP: 1/1
    31 | D        | Reached XP level 3. HP: 34/39 MP: 2/2
    31 | D        | Reached XP level 4. HP: 42/48 MP: 3/3
    34 | D        | Reached skill level 5 in Dodging
    92 | D        | Noticed a floating eye
    97 | D        | Paralysed by a floating eye for 2 turns
   100 | D        | Killed a floating eye
   100 | D        | Reached ** piety under Trog
   101 | D        | Reached skill level 5 in Fighting
   101 | D        | Reached skill level 7 in Unarmed Combat
   101 | D        | Reached XP level 5. HP: 58/58 MP: 4/4
   104 | D        | Noticed a spriggan
   122 | D        | HP: 1/58 [spriggan/+0 short sword (10)]
   123 | D        | Killed a spriggan
   124 | D        | Reached skill level 8 in Unarmed Combat
   124 | D        | Reached XP level 6. HP: 2/68 MP: 5/5
   230 | D        | Found a bloodstained altar of Trog.
   230 | D        | Found a shimmering blue altar of Sif Muna.
   230 | D        | Found a viscous altar of Jiyva.
   230 | D        | Found a hazy altar of Hepliaklqana.
   230 | D        | Found an opulent altar of Gozag.
   261 | D        | Found a glowing golden altar of the Shining One.
   261 | D        | Found a glowing silver altar of Zin.
   261 | D        | Found a basalt altar of Yredelemnul.
   261 | D        | Found a shimmering altar of Xom.
   261 | D        | Found an ornate altar of the Wu Jian Council.
   261 | D        | Found a sacrificial altar of Ru.
   261 | D        | Found a stormy altar of Qazlal.
   261 | D        | Found an iron altar of Okawaru.
   261 | D        | Found a sparkling altar of Nemelex Xobeh.
   261 | D        | Found a burning altar of Makhleb.
   261 | D        | Found a blossoming altar of Fedhas.
   261 | D        | Found a white marble altar of Elyvilon.
   261 | D        | Found a shadowy altar of Dithmenos.
   261 | D        | Found a snail-covered altar of Cheibriados.
   263 | D        | Found a radiant altar of Vehumet.
   263 | D        | Found a corrupted altar of Lugonu.
   264 | D        | Found a hide-covered altar of Uskayaw.
   264 | D        | Found an ancient bone altar of Kikubaaqudgha.
   264 | D        | Found a broken altar of Ashenzari.
   299 | D        | Reached *** piety under Trog
   317 | D        | Reached **** piety under Trog
   322 | D        | Reached skill level 9 in Unarmed Combat
   397 | D        | Noticed Terence
   397 | D        | Noticed an orc warrior
   417 | D        | Killed an orc warrior
   418 | D        | Reached XP level 7. HP: 37/78 MP: 6/6
   421 | D        | Killed Terence
   421 | D        | Reached ***** piety under Trog
   423 | D        | Reached skill level 10 in Unarmed Combat
   482 | D        | Noticed a redback
   485 | D        | Killed a redback
   507 | D        | Noticed Jessica
   509 | D        | Reached skill level 11 in Unarmed Combat
   515 | D        | Received a gift from Trog
   517 | D        | Killed Jessica
   525 | D        | Noticed a tyrant leech
   525 | D        | Noticed a yak
   525 | D        | Noticed a yak
   525 | D        | Noticed a yak
   525 | D        | Noticed a yak
   535 | D        | Killed a yak
   536 | D        | Reached XP level 8. HP: 27/88 MP: 7/7
   542 | D        | Reached skill level 12 in Unarmed Combat
   548 | D        | Reached ****** piety under Trog
   551 | D        | Mangled by a tyrant leech

Illustrated notes

Levels and vault maps discovered:
D:        pitsprint [storerooms_1, entrance_room_1, metal_vault_6, armoury_1,
          mini_pit_1, grid_room_1, main_hall_1, silver_pit, the_coven_1,
          the_vestibule_1, steel_vault_5, golden_pit, hallway_of_sentries,
          crystal_vault_1, iron_vault_5, final_vault]

Skill      XL: |  1  2  3  4  5  6  7  8 |
---------------+-------------------------+-----
Fighting       | 4 5 6 7 8 |  8.1
Dodging        | 4 6 7 8 9 |  9.9
Unarmed Combat | 5 7 8 9 11 12 | 12.9
Stealth        | |  0.7

Action                     |  1- 3 |  4- 6 |  7- 9 || total
---------------------------+-------+-------+-------++-------
  Melee: Unarmed           |    11 |    48 |    42 ||   101
         Punch             |       |     1 |     1 ||     2
 Invoke: Berserk           |     1 |       |     1 ||     2
 Armour: Animal skin       |     1 |     8 |       ||     9
  Dodge: Dodged            |     9 |    25 |    14 ||    48

Table legend: (Time is in decaauts)
 A = Elapsed time spent in this place.
 B = Non-inter-level travel time spent in this place.
 C = Inter-level travel time spent in this place.
 D = Time resting spent in this place.
 E = Time spent auto-exploring this place.
 F = Levels seen in this place.
 G = Mean time per level.
                   A        B        C        D        E       F      G
               +--------+--------+--------+--------+--------+-----+--------+
         Total |    546 |    546 |      0 |    127 |     83 |   1 |  546.0 |
       Dungeon |    546 |    546 |      0 |    127 |     83 |   1 |  546.0 |
               +--------+--------+--------+--------+--------+-----+--------+

Top non-repeatable levels by time:
       D: 546 daAuts
